 Dungeon Crawl Stone Soup version 0.32-a0-656-g3542139ebd (webtiles) character file.

Game seed: 6969211679306904652

23 jasper the Chopper (level 2, 0/39 HPs)
             Began as a Mountain Dwarf Berserker on Mar 8, 2024.
             Was a Follower of Trog.
             Killed by nerve-wracking pain
             ... invoked by Jessica
              (2 damage)
             ... on level 2 of the Dungeon.
             The game lasted 00:01:17 (929 turns).

jasper the Chopper (Mountain Dwarf Berserker)        Turns: 929, Time: 00:01:18

Health: 0/39       AC:  4    Str: 19    XL:     2   Next: 72%
Magic:  2/2        EV: 11    Int:  7    God:    Trog [*.....]
Gold:   58         SH:  0    Dex:  9    Spells: 1/1 levels left

rFire   . . .        a - +0 hand axe
rCold   . . .        (no shield)
rNeg    . . .        b - +0 animal skin
rPois   .            d - +0 helmet
rElec   .            (no cloak)
rCorr   .            g - +0 pair of gloves
SInv    .            (no boots)
Will    .....        (no amulet) Stlth
                     (no ring)
HPRegen 0.26/turn    (no ring)
MPRegen 0.08/turn

%: no passive effects
@: berserking, slowed
A: runic magic, artefact enchanting
a: Renounce Religion, Berserk


You were on level 2 of the Dungeon.
You worshipped Trog.
Trog was aware of your devotion.
You visited 1 branch of the dungeon, and saw 2 of its levels.

You collected 58 gold pieces.

Inventory:

Hand Weapons
 a - a +0 hand axe (weapon)
Missiles
 c - 11 stones (quivered)
Armour
 b - a +0 animal skin (worn)
 d - a +0 helmet (worn)
 g - a +0 pair of gloves (worn)
Scrolls
 e - 2 scrolls of identify {unknown}
 f - a scroll of fog {unknown}


   Skills:
 + Level 3.5 Fighting
 * Level 4.2 Axes
 + Level 2.5 Armour
 + Level 1.6 Dodging


You had one spell level left.
You didn't know any spells.
Your spell library was empty.

Dungeon Overview and Level Annotations

Branches:
Dungeon (2/15)

Altars:

Shops:
D:1 !   D:2 !

Annotations:
D:2 Jessica


Innate Abilities, Weirdness & Mutations

Your spellcasting is much less encumbered by armour.
You can use scrolls of enchantment on lesser artefacts.


Message History

Found a pair of gloves.
Found a stone staircase leading up.
There is a stone staircase leading up here.
Jessica the Apprentice Sorceress comes into view.
She is wielding a +0 club.
Jessica shouts!
Jessica points at you and mumbles some strange words.
You resist with some effort.
You see here a +0 pair of gloves.
g - a +0 pair of gloves Jessica mumbles some strange words.
Jessica seems to speed up.
You start putting on your armour.
You continue putting on your +0 pair of gloves.
Jessica gestures wildly while chanting.
Jessica blinks!
You continue putting on your +0 pair of gloves. x2
Jessica barely misses you.
Jessica points at you and mumbles some strange words.
You feel yourself slow down.
You continue putting on your +0 pair of gloves.
Jessica hits you with a +0 club. x2
You finish putting on your +0 pair of gloves.
You take 5 damage, and have 21/26 hp.
You barely miss Jessica. Jessica hits you with a +0 club. Jessica misses you.
You take 3 damage, and have 18/26 hp.
You closely miss Jessica. Jessica closely misses you.
Jessica points at you and mumbles some strange words.
Pain shoots through your body!
Ouch! That really hurt!
* * * LOW HITPOINT WARNING * * *
Jessica hits you with a +0 club.
* * * LOW HITPOINT WARNING * * *
You completely miss Jessica. Jessica hits you with a +0 club.
* * * LOW HITPOINT WARNING * * *
Jessica closely misses you.
You take 17 damage, and have 1/26 hp.
MASSIVE DAMAGE!!
A red film seems to cover your vision as you go berserk!
You feel yourself moving faster!
You feel mighty! Jessica casts a spell at you. Pain shoots through your body!
You die...

##.#.###..##.#..#
#.#.# #..##.##.#
.........##..#.#
#########.###.#.#
#.###.#.#
#.......#
#####.###
######.# #.@.<..#
#@###### #. #. #.
#. #. #.


You could see Jessica (fast).

Vanquished Creatures
  A dart slug (D:1)
  5 bats (D:1)
  2 endoplasms
  3 goblins (D:1)
  2 kobolds (D:1)
  3 ball pythons (D:1)
  A frilled lizard (D:1)
  A rat (D:1)
18 creatures vanquished.

Notes
Turn   | Place    | Note
-------+----------+-------------------------------------------
     0 | D:1      | jasper the Mountain Dwarf Berserker began the quest for the
                  | Orb.
     0 | D:1      | Reached XP level 1. HP: 19/19 MP: 1/1
    16 | D:1      | Found Jaxzom's Distillery.
   209 | D:1      | Reached XP level 2. HP: 22/26 MP: 2/2
   284 | D:1      | Reached skill level 4 in Axes
   311 | D:1      | Found a faded altar of an unknown god.
   901 | D:2      | Found Gywibeyn's Distillery.
   919 | D:2      | Noticed Jessica
   928 | D:2      | HP: 1/26 [Jessica/+0 club (2)]
   929 | D:2      | Killed from afar by Jessica

Illustrated notes

Levels and vault maps discovered:
D:1:      nzn_arrival_crosshair, layout_basic, serial_shops, shop,
          shapermc_ecumenical_altar_rom_forum, minmay_heptomino_d4
D:2:      layout_loops_cross, serial_shops, nicolae_shop_tiny_real_fake_doors,
          minmay_surrounded, uniq_jessica

Skill      XL: |  1  2 |
---------------+-------+-----
Axes           | 4 |  4.2
Fighting       | |  3.5
Armour         | |  2.5
Dodging        | |  1.6

Action                     || total
---------------------------++-------
  Melee: Hand axe          ||    65
 Invoke: Berserk           ||     1
   Stab: Sleeping          ||     1
 Armour: Animal skin       ||    50
  Dodge: Dodged            ||    39

Table legend: (Time is in decaauts)
 A = Elapsed time spent in this place.
 B = Non-inter-level travel time spent in this place.
 C = Inter-level travel time spent in this place.
 D = Time resting spent in this place.
 E = Time spent auto-exploring this place.
 F = Levels seen in this place.
 G = Mean time per level.
                   A        B        C        D        E       F      G
               +--------+--------+--------+--------+--------+-----+--------+
         Total |    939 |    915 |     24 |      0 |    694 |   2 |  469.5 |
       Dungeon |    939 |    915 |     24 |      0 |    694 |   2 |  469.5 |
               +--------+--------+--------+--------+--------+-----+--------+

Top non-repeatable levels by time:
     D:1: 886 daAuts
     D:2: 53 daAuts
